 Dungeon Crawl Stone Soup version 0.27.0-1-g7a089689b8 (webtiles) character file.

Game seed: 8898464314972033573

16 MajorAdolf the Sneak (level 2, 0/33 HPs)
             Began as a Naga Wanderer on Aug 4, 2021.
             Slain by a gnoll (1 damage)
             ... on level 2 of the Dungeon.
             The game lasted 00:01:13 (1353 turns).

MajorAdolf the Sneak (Naga Wanderer)                Turns: 1353, Time: 00:01:13

Health: 0/33       AC: 21    Str: 15    XL:     2   Next: 58%
Magic:  5/5        EV:  1    Int: 10    God:
Gold:   53         SH:  0    Dex: 11    Spells: 5/5 levels left

rFire    . . .     SeeInvis +   d - +0 dagger
rCold    . . .     Faith    .   (no shield)
rNeg     + + +     Spirit   .   (armour currently unavailable)
rPois    +         Reflect  .   (helmet currently unavailable)
rElec    .         Harm     .   (cloak currently unavailable)
rCorr    .         Rampage  .   (gloves currently unavailable)
Will     .....     NoTele   +   (no barding)
Stlth    ++........             (no amulet)
HPRegen  0.11/turn              (no ring)
MPRegen  0.09/turn              (no ring)

@: tree-form
A: stationary, stasis, torment immunity, boosted hp, AC +0, large, see
invisible, (deformed body), (poison resistance), (slowness 2), spit poison 1,
(naga tail 1)
a: Spit Poison


You were on level 2 of the Dungeon.
You were a tree.
You visited 1 branch of the dungeon, and saw 2 of its levels.

You collected 53 gold pieces.

Inventory:

Hand Weapons
 a - a +0 club
 d - a +0 dagger (weapon)
 e - a +0 short sword
Armour
 b - a +0 robe (melded)
Scrolls
 f - a scroll of torment {unknown}
 g - a scroll of vulnerability {unknown}


   Skills:
 - Level 1.0 Long Blades
 - Level 1.0 Dodging
 - Level 3.0 Stealth
 - Level 1.0 Shields
 + Level 2.3 Spellcasting
 - Level 2.0 Air Magic
 - Level 2.6 Poison Magic


You had 5 spell levels left.
You didn't know any spells.
Your spell library contained the following spells:

 Spells                   Type           Power      Damage    Failure   Level
 Shock                    Conj/Air       12%        1d3       21%         1
 Sandblast                Erth           2%         2d4       30%         1
 Static Discharge         Conj/Air       3%         N/A       30%         2
 Swiftness                Air            5%         N/A       36%         3
 Stone Arrow              Conj/Erth      2%         3d7       67%         3
 Airstrike                Air            2%         N/A       78%         4


Dungeon Overview and Level Annotations

Branches:
Dungeon (2/15)

Altars:
Okawaru


Innate Abilities, Weirdness & Mutations

You are a tree.
Your roots penetrate the ground, keeping you stationary.
You cannot be teleported.
You are immune to unholy pain and torment.
Your maximum health is greatly increased.
Your equipment is partially melded.
((Your serpentine skin is tough. (AC +0)))
You have supernaturally acute eyesight. (SInv)
((Armour fits poorly on your strangely shaped body.))
((Your system is resistant to poisons. (rPois)))
((You cover ground very slowly.))
You can spit poison.
((You have a snake-like lower body.))


Message History

a +0 club; a goblin corpse A gnoll comes into view.
It is wielding a +0 club.
A gnoll comes into view. It is wielding a +0 whip.
There are monsters nearby!
A gnoll comes into view. It is wielding a +0 flail.
Things that are here:
a +0 club; a goblin corpse The gnoll completely misses you.
The gnoll hits you with a +0 whip. The gnoll barely misses you.
The gnoll hits you with a +0 whip! The gnoll hits you with a +0 whip!
* * * LOW HITPOINT WARNING * * *
Really quaff the potion of lignification?
You turn into a tree.
Your +0 robe melds into your body.
Your roots penetrate the ground.
The gnoll hits you with a +0 whip.
* * * LOW HITPOINT WARNING * * *
You hit the gnoll.
The gnoll is lightly wounded.
The gnoll hits you but does no damage.
You closely miss the gnoll.
The gnoll is lightly wounded.
The gnoll hits you but does no damage.
You hit the gnoll but do no damage.
The gnoll is lightly wounded.
The gnoll hits you with a +0 whip.
* * * LOW HITPOINT WARNING * * *
You closely miss the gnoll.
The gnoll is lightly wounded.
The gnoll hits you but does no damage.
You hit the gnoll.
The gnoll is moderately wounded.
The gnoll completely misses you.
You barely miss the gnoll.
The gnoll is moderately wounded.
The gnoll hits you but does no damage.
You hit the gnoll but do no damage.
The gnoll is moderately wounded.
The gnoll hits you with a +0 whip.
You die...

#...# #...# #####
#...# #.....##...#
.......#<..#
#.._...##.##
#.......#.#
#.........###########
#..........♣g.......#
............[######.#
...#.#..###.#
####.####
.#.###.####.#
#.......#
..........##.#
#)##.##.#
.######.#.##.#
#.##.##.# #......#
#.##..#.# #......#
#.###.#.# #.....##
#.###.#.#


You could see a gnoll.

Vanquished Creatures
  3 ball pythons (D:1)
  3 endoplasms
  A giant cockroach (D:1)
  2 goblins
  2 hobgoblins (D:1)
  A kobold (D:1)
  2 rats (D:1)
14 creatures vanquished.

Vanquished Creatures (others)
  A rat (D:1)
1 creature vanquished.

Grand Total: 15 creatures vanquished

Notes
Turn   | Place    | Note
-------+----------+-------------------------------------------
     0 | D:1      | MajorAdolf the Naga Wanderer began the quest for the Orb.
     0 | D:1      | MajorAdolf set off with the following items: a +0 club, a
                  | +0 robe, a potion of lignification, a +0 dagger; and the
                  | following spells available to memorise: Shock, Sandblast,
                  | Static Discharge, Swiftness, Stone Arrow, Airstrike
     0 | D:1      | Reached XP level 1. HP: 15/15 MP: 2/2
   610 | D:1      | Reached XP level 2. HP: 22/22 MP: 4/4
   737 | D:1      | Found a faded altar of an unknown god.
  1259 | D:2      | Found an iron altar of Okawaru.
  1349 | D:2      | HP: 1/33 [gnoll (1)]
  1353 | D:2      | Slain by a gnoll

Illustrated notes

Levels and vault maps discovered:
D:1:      dpeg_arrival_central, layout_basic, shapermc_ecumenical_altar_ellora,
          st_stairs_7, roderic_lattice_a, lemuel_old_faithful
D:2:      layout_loops_cross, basic_altar, uniq_natasha, uniq_robin,
          uniq_jessica

Skill      XL: |  1  2 |
---------------+-------+-----
Spellcasting   | 2 |  2.3
Long Blades    | |  1.0
Dodging        | |  1.0
Stealth        | |  3.0
Shields        | |  1.0
Air Magic      | |  2.0
Poison Magic   | |  2.6

Action                   || total
-------------------------++-------
Melee: Dagger            ||    32
 Abil: Spit Poison       ||    13
  Use: Potion            ||     1
 Stab: Sleeping          ||     1
Armor: Robe              ||     2
       Skin              ||     4
Dodge: Dodged            ||    15
